 Dungeon Crawl Stone Soup version 0.18-a0-1293-g5a2c81a (webtiles) character file.

18 Duffy the Firebug (level 2, 15/15 HPs)
             Began as a Deep Elf Fire Elementalist on Feb 10, 2016.
             Quit the game on level 1 of the Dungeon.
             The game lasted 00:00:55 (827 turns).

Duffy the Firebug (Deep Elf Fire Elementalist)       Turns: 827, Time: 00:00:55

Health: 15/15      AC:  2    Str:  5    XL:     2   Next: 51%
Magic:  8/8        EV: 13    Int: 19    God:
Gold:   22         SH:  0    Dex: 15    Spells: 1 memorised, 6 levels left

rFire  . . .     SeeInvis .     (no weapon)
rCold  . . .     Gourm    .     e - +0 robe (curse)
rNeg   . . .     Faith    .     (no shield)
rPois  .         Spirit   .     (no helmet)
rElec  .         Dismiss  .     (no cloak)
rCorr  .         Reflect  .     (no gloves)
SustAt .         Harm     .     (no boots)
MR     .....                    (no amulet)
Stlth  ++........               (no ring)
                                (no ring)

@: not resistant to hostile enchantments, unstealthy
A: no striking features
a: no special abilities


You were on level 1 of the Dungeon.
You were not hungry.

You visited 1 branch of the dungeon, and saw 1 of its levels.

You collected 22 gold pieces.


   Skills:
 - Level 2.4 Dodging
 - Level 2.4 Stealth
 - Level 3.0 Spellcasting
 + Level 2.9 Conjurations
 - Level 3.2 Fire Magic


You had 6 spell levels left.
You knew the following spells:

 Your Spells              Type           Power        Failure   Level  Hunger
a - Flame Tongue          Conj/Fire      ##...        6%          1    None

Inventory:

Armour
 a - a +0 robe
 e - a cursed +0 robe (worn)
Scrolls
 d - 2 scrolls of magic mapping
 f - a scroll of amnesia {unknown}
 g - a scroll of identify {unknown}
Books
 b - a book of Flames
Comestibles
 c - 2 bread rations

Dungeon Overview and Level Annotations

Branches:
Dungeon (1/15)

Altars:


Message History

Press: ? - help, Shift-Dir - straight line, f/p - hobgoblin
Aim: a hobgoblin, wielding a club (heavily wounded)
The flame tongue hits the hobgoblin.
You kill the hobgoblin!
Cast which spell? (? or * to list)
You can't see any susceptible monsters within range! (Use Z to cast anyway.) Cast which spell? (? or * to list)
You can't see any susceptible monsters within range! (Use Z to cast anyway.)
Things that are here:
a club; a hobgoblin corpse A rat comes into view.
Cast which spell? (? or * to list)
Aiming: Flame Tongue
Press: ? - help, Shift-Dir - straight line, f - rat
Aim: a rat (hasn't noticed you)
The flame tongue hits the rat.
You kill the rat!
Cast which spell? (? or * to list)
You can't see any susceptible monsters within range! (Use Z to cast anyway.) Cast which spell? (? or * to list)
You can't see any susceptible monsters within range! (Use Z to cast anyway.)
A goblin comes into view.
Cast which spell? (? or * to list)
Aiming: Flame Tongue
Press: ? - help, Shift-Dir - straight line, f - goblin
Aim: a goblin (resting)
The flame tongue hits the goblin.
You kill the goblin!
Cast which spell? (? or * to list)
You can't see any susceptible monsters within range! (Use Z to cast anyway.)
Found 19 bolts.
Read which item? (? for menu, Esc to quit)
As you read the scroll labeled HIFUAJU DIKKA, it crumbles to dust.
You feel aware of your surroundings.
It was a scroll of magic mapping.
Are you sure you want to abandon this character and quit the game? (Confirm with "yes".)

#.......##.##.#####........# *,*,
#.......##.##.#####........#**,*,
#.......##.##....##..........*,*,
###.###......###.###########.*,*,
#.* #......# #.#,,,,,,,,,*,*,*,
#.* #......# #.#,*,*****,*,*,*,
*,* #......# #.#,,,,,,,*,*,*,*,
*,* #......# #.#,*****,*,*,*,*,
*,* #......#*#@#,,,,,,,*,*,*,*,
*,* ###........#********,*,*,*,
*,* #.........,,,,,,,,,*,*,*, *,*
*..........,,,,,****,,,,, *,*
*...........,,,,* ***,** *,*
*.(..........,,,* *,,, *,*
*.............,,* **** *,*
*..............,* *,*
*,,,,,,,**,,,****


There were no monsters in sight!

Action                   || total
-------------------------++-------
 Cast: Flame Tongue      ||    31
  Use: Scroll            ||     1

Notes
Turn   | Place    | Note
--------------------------------------------------------------
     0 | D:1      | Duffy the Deep Elf Fire Elementalist began the quest for the Orb.
     0 | D:1      | Reached XP level 1. HP: 10/10 MP: 6/6
    59 | D:1      | Reached skill level 2 in Conjurations
   361 | D:1      | Reached XP level 2. HP: 15/15 MP: 5/8
   827 | D:1      | Quit the game

Vault maps used:
D:1:      dpeg_arrival_erosion

Vanquished Creatures
  3 goblins
  3 hobgoblins
  3 jackals
  3 bats
  2 giant newts
  A kobold
  A rat
16 creatures vanquished.
